 Dungeon Crawl Stone Soup version 0.20.1-1-g8b1a95d (webtiles) character file.

7292 slacker the Severer (level 10, -1/77 HPs)
             Began as a Minotaur Berserker on July 31, 2017.
             Was a High Priest of Trog.
             Slain by a porcupine (6 damage)
             ... on level 1 of the Lair of Beasts.
             The game lasted 00:20:39 (8871 turns).

slacker the Severer (Minotaur Berserker)            Turns: 8871, Time: 00:20:40

Health: -1/77      AC: 17    Str: 23    XL:     10   Next: 89%
Magic:  9/9        EV:  7    Int:  4    God:    Trog [*****.]
Gold:   216        SH:  0    Dex: 12    Spells: 9/9 levels left

rFire    . . .     SeeInvis .   a - +0 war axe
rCold    . . .     Gourm    .   (no shield)
rNeg     . . .     Faith    .   E - +0 plate armour
rPois    .         Spirit   .   (helmet restricted)
rElec    .         Reflect  +   (no cloak)
rCorr    .         Harm     .   f - +1 pair of gloves
MR       .....                  l - +2 pair of boots {Stlth+}
Stlth    ..........             D - +2 amulet of reflection
Regen    0.3/turn               v - +1 ring of protection
MPRegen  0.2/turn               (no ring)

@: confused, lethally poisoned (-1 -> -45)
A: retaliatory headbutt, horns 2
a: Berserk, Trog's Hand, Brothers in Arms, Burn Spellbooks, Renounce Religion


You were on level 1 of the Lair of Beasts.
You worshipped Trog.
Trog was extremely pleased with you.
You were completely stuffed.

You visited 3 branches of the dungeon, and saw 11 of its levels.

You collected 488 gold pieces.
You spent 272 gold pieces at shops.

Inventory:

Hand Weapons
 a - a +0 war axe (weapon)
 b - a +0 blowgun
Missiles
 m - 134 stones (quivered)
 o - 69 poisoned needles
Armour
 f - a +1 pair of gloves (worn)
 l - a +2 pair of boots of stealth (worn)
 E - a +0 plate armour (worn)
Jewellery
 v - a +1 ring of protection (left hand)
 D - a +2 amulet of reflection (around neck)
Wands
 q - a wand of flame (28/48)
 s - a wand of disintegration (6/24)
 A - a wand of digging (11/24)
 C - a wand of random effects (17/48)
Scrolls
 e - 6 scrolls of remove curse
 i - a scroll of recharging {unknown}
 k - 3 scrolls of teleportation
 t - a scroll of fear {unknown}
 u - 2 scrolls of enchant armour
 w - 2 scrolls of enchant weapon
 x - a scroll of random uselessness {unknown}
 y - 2 scrolls of fog {unknown}
 z - 2 scrolls of immolation
Potions
 j - a potion of invisibility
 n - a potion of ambrosia
 p - 2 potions of might
Comestibles
 c - 6 bread rations
 B - 7 royal jellies


   Skills:
 - Level 3.6 Fighting
 + Level 18.5 Axes
 - Level 2.4 Armour
 - Level 2.1 Dodging


You had 9 spell levels left.
You didn't know any spells.

Dungeon Overview and Level Annotations

Branches:
Dungeon (9/15)             Temple (1/1) D:4            Lair (1/6) D:9
    Orc: D:9-12

Altars:
Ashenzari
Cheibriados
Dithmenos
Elyvilon
Gozag
Hepliaklqana
Kikubaaqudgha
Makhleb
Nemelex Xobeh
Qazlal
Ru
Sif Muna
Trog
Uskayaw
Vehumet
Xom
Yredelemnul
Zin
The Shining One

Shops:
D:8 ?


Innate Abilities, Weirdness & Mutations

You reflexively headbutt those who attack you in melee.
You have a pair of horns on your head.


Message History

The spiny frog stings you.
* * * LOW HITPOINT WARNING * * *
You are more poisoned.
The spiny frog poisons you!
You are confused.
You feel invigorated.
* * * LOW HITPOINT WARNING * * *
You feel very sick. The spiny frog stings you.
* * * LOW HITPOINT WARNING * * *
You're too confused!
* * * LOW HITPOINT WARNING * * *
You feel very sick.
You bump into the rock wall.
* * * LOW HITPOINT WARNING * * *
You feel very sick. The porcupine bites you!
* * * LOW HITPOINT WARNING * * *
The porcupine bites you.
You die...

......
.8...8 #.
#...... #.
##....8r.
##..
##...F..
#P... #.....
#...##...#
#.....8.###
#...#..F#@#
# ##'#r.#
#...<.#
#.....#....#
##...#.....#
#...#.#...#
#......#...#
#.....##...#
##.... #...#


You could see a porcupine.

Vanquished Creatures
  A two-headed ogre (D:8)
  A queen ant (D:8)
  The ghost of slacker the Cleaver, a novice MiBe of Trog (D:7)
  Pikel (D:4)
  A wyvern (D:7)
  6 soldier ants (D:8)
  2 orc warriors
  2 slaves (D:4)
  2 ice beasts
  2 sky beasts
  3 ogres
  A phantom (D:5)
  2 centaurs
  2 wolves (Lair:1)
  A big kobold (D:7)
  3 bullfrogs
  A gnoll sergeant (D:8)
  3 scorpions
  16 killer bees (D:8)
  2 howler monkeys
  2 electric eels (D:9)
  2 crimson imps
  A bullfrog zombie (D:6)
  2 hounds
  5 orc priests
  8 orc wizards
  Ijyb (D:4)
  3 iguanas
  29 worker ants
  A killer bee zombie (D:6)
  A hound skeleton (D:6)
  Robin (D:3)
  3 gnolls (D:8)
  12 adders
  3 shadow imps
  3 oozes
  An adder zombie (D:5)
  5 worms
  3 dart slugs
  5 leopard geckos
  22 orcs
  A ball python (D:4)
  8 giant cockroaches
  16 goblins
  9 hobgoblins
  4 jackals
  3 quokkas
  4 bats
  3 frilled lizards
  15 kobolds
  A leopard gecko skeleton (D:4)
  A quokka skeleton (D:4)
  2 rats (D:1)
233 creatures vanquished.

Vanquished Creatures (others)
  An adder (D:4)
  An orc (D:9)
  A giant cockroach (D:4)
  13 fungi (D:5)
16 creatures vanquished.

Grand Total: 249 creatures vanquished

Notes
Turn   | Place    | Note
-------+----------+-------------------------------------------
     0 | D:1      | slacker the Minotaur Berserker began the quest for the Orb.
     0 | D:1      | Reached XP level 1. HP: 19/19 MP: 0/0
   311 | D:1      | Reached skill level 4 in Axes
   357 | D:1      | Reached XP level 2. HP: 26/26 MP: 1/1
   660 | D:1      | Reached skill level 5 in Axes
   752 | D:2      | Reached XP level 3. HP: 31/31 MP: 2/2
   954 | D:2      | Reached ** piety under Trog
   988 | D:2      | Found a white marble altar of Elyvilon.
  1004 | D:2      | Reached XP level 4. HP: 26/39 MP: 3/3
  1105 | D:2      | Reached skill level 6 in Axes
  1386 | D:2      | Found a hide-covered altar of Uskayaw.
  1661 | D:3      | Noticed Robin
  1671 | D:3      | Killed Robin
  1671 | D:3      | Reached skill level 7 in Axes
  1671 | D:3      | Reached XP level 5. HP: 45/45 MP: 4/4
  2451 | D:4      | Noticed a slave
  2452 | D:4      | Noticed a slave
  2453 | D:4      | Noticed Pikel
  2454 | D:4      | Noticed a slave
  2454 | D:4      | Noticed a slave
  2459 | D:4      | Killed a slave
  2466 | D:4      | Killed a slave
  2476 | D:4      | Killed Pikel
  2476 | D:4      | Reached skill level 10 in Axes
  2476 | D:4      | Reached XP level 6. HP: 47/51 MP: 5/5
  2476 | D:4      | Reached XP level 7. HP: 53/57 MP: 6/6
  2489 | D:4      | Found a staircase to the Ecumenical Temple.
  2631 | D:4      | Noticed Ijyb
  2641 | D:4      | Killed Ijyb
  3267 | Temple   | Entered the Ecumenical Temple
  3468 | D:5      | Entered Level 5 of the Dungeon
  3537 | D:5      | Reached *** piety under Trog
  3537 | D:5      | Reached skill level 11 in Axes
  3775 | D:5      | Reached XP level 8. HP: 64/64 MP: 7/7
  3974 | D:5      | Reached skill level 12 in Axes
  4830 | D:6      | Reached skill level 13 in Axes
  5331 | D:7      | Found a radiant altar of Vehumet.
  5351 | D:7      | Noticed slacker's ghost (novice MiBe)
  5370 | D:7      | Killed slacker's ghost
  5370 | D:7      | Reached skill level 14 in Axes
  5370 | D:7      | Reached XP level 9. HP: 42/70 MP: 8/8
  5628 | D:7      | Found a shadowy altar of Dithmenos.
  5631 | D:7      | Found a stormy altar of Qazlal.
  5634 | D:7      | Found an ancient bone altar of Kikubaaqudgha.
  5699 | D:7      | Found a flagged portal.
  5711 | D:7      | Reached skill level 15 in Axes
  5991 | D:7      | Reached **** piety under Trog
  6213 | D:8      | Found Zimauche's Magic Scroll Boutique.
  6222 | D:8      | Bought a scroll of enchant weapon for 120 gold pieces
  6222 | D:8      | Bought a scroll of identify for 32 gold pieces
  6222 | D:8      | Bought a scroll of enchant armour for 120 gold pieces
  6346 | D:8      | Reached skill level 16 in Axes
  6375 | D:8      | Found a bloodstained altar of Trog.
  6435 | D:8      | Reached XP level 10. HP: 53/77 MP: 9/9
  6452 | D:8      | Noticed a two-headed ogre
  6801 | D:8      | Killed a two-headed ogre
  7089 | D:8      | Reached skill level 17 in Axes
  7534 | D:8      | Noticed a queen ant
  7878 | D:8      | Reached skill level 18 in Axes
  8059 | D:8      | Killed a queen ant
  8081 | D:8      | Reached ***** piety under Trog
  8564 | D:9      | Found a staircase to the Lair.
  8568 | Lair:1   | Entered Level 1 of the Lair of Beasts
  8853 | Lair:1   | Noticed a spiny frog
  8871 | Lair:1   | Slain by a porcupine

Skill      XL: |  1  2  3  4  5  6  7  8  9 10 |
---------------+-------------------------------+-----
Axes           | 4 5 7 10 11 14 16 18 | 18.5
Fighting       | |  3.6
Armour         | |  2.4
Dodging        | |  2.1

Action                   |  1- 3 |  4- 6 |  7- 9 | 10-12 || total
-------------------------+-------+-------+-------+-------++-------
Melee: Hand axe          |    63 |    87 |    28 |       ||   178
       Headbutt          |     9 |    21 |    55 |    47 ||   132
       War axe           |       |       |   276 |   286 ||   562
Invok: Berserk           |       |     3 |     7 |     3 ||    13
       Trog's Hand       |       |     1 |     5 |     3 ||     9
       Burn Spellbooks   |       |     1 |     2 |     1 ||     4
  Use: Scroll            |       |       |     6 |     3 ||     9
       Potion            |       |       |     2 |     6 ||     8
 Stab: Sleeping          |       |       |     6 |       ||     6
  Eat: Chunk             |       |     7 |     8 |     6 ||    21
       Meat ration       |       |       |     1 |     3 ||     4
       Bread ration      |       |       |     1 |       ||     1
       Fruit             |       |       |     1 |     2 ||     3
       Royal jelly       |       |       |     1 |       ||     1
Armor: Animal skin       |     2 |       |       |       ||     2
       Chain mail        |    16 |    50 |    69 |       ||   135
       Skin              |       |       |    21 |    19 ||    40
       Plate armour      |       |       |    19 |   159 ||   178
Dodge: Dodged            |    26 |    42 |   112 |   106 ||   286
Block: Other             |       |       |     4 |    12 ||    16
       Reflection        |       |       |       |     1 ||     1
